 Dungeon Crawl Stone Soup version 0.31-a0-188-g5e087ee2ca (webtiles) character file.

Game seed: 12309567823870513424

205 qw the Skirmisher (level 5, -3/30 HPs)
             Began as a Deep Elf Hunter on June 22, 2023.
             Was an Initiate of Okawaru.
             Succumbed to a scorpion's poison
             ... on level 4 of the Dungeon.
             The game lasted 00:01:05 (3001 turns).

qw the Skirmisher (Deep Elf Hunter)                 Turns: 3001, Time: 00:01:06

Health: -3/30      AC:  6    Str: 10    XL:     5   Next: 53%
Magic:  7/7        EV: 11    Int: 14    God:    Okawaru [......]
Gold:   182        SH:  0    Dex: 18    Spells: 4/4 levels left

rFire   . . .        Y - +2 shortbow
rCold   + . .        (shield currently unavailable)
rNeg    . . .        i - +0 ring mail
rPois   .            a - +0 helmet
rElec   .            (no cloak)
rCorr   .            (no gloves)
SInv    .            (no boots)
Will    +....        (no amulet)
Stlth   +            d - ring of protection from cold
HPRegen 0.25/turn    r - ring of willpower
MPRegen 0.10/turn

%: no passive effects
@: lethally poisoned (-3 -> -20), about to teleport
A: no striking features
a: Renounce Religion


You were on level 4 of the Dungeon.
You worshipped Okawaru.
Okawaru was noncommittal.
You visited 2 branches of the dungeon, and saw 5 of its levels.

You collected 182 gold pieces.


   Skills:
 + Level 1.6 Fighting
 - Level 9.0 Ranged Weapons
 - Level 2.4 Dodging
 - Level 1.2 Stealth


You had 4 spell levels left.
You didn't know any spells.
Your spell library was empty.

Inventory:

Hand Weapons
 Y - a +2 shortbow (weapon)
Armour
 a - a +0 helmet (worn)
 i - a +0 ring mail (worn)
Jewellery
 d - a ring of protection from cold (left hand)
 r - a ring of willpower (right hand)
Scrolls
 g - 2 scrolls of identify
Potions
 b - a potion of might
 c - a potion of berserk rage {unknown}
 h - a potion of curing {unknown}
 j - a potion of mutation {unknown}
 n - a potion of degeneration {unknown}

Dungeon Overview and Level Annotations

Branches:
Dungeon (4/15)             Temple (1/1) D:4

Altars:
Ashenzari
Cheibriados
Dithmenos
Elyvilon
Gozag
Hepliaklqana
Kikubaaqudgha
Makhleb
Nemelex Xobeh
Okawaru
Qazlal
Ru
Sif Muna
Trog
Uskayaw
Vehumet
Wu Jian
Xom
Yredelemnul
Zin
The Shining One


Message History

The arrow hits the scorpion but does no damage.
The scorpion is heavily wounded.
You shoot an arrow.
The arrow hits the scorpion but does no damage.
The scorpion is heavily wounded.
The scorpion stings you.
You shoot an arrow. The arrow hits the scorpion.
The scorpion is heavily wounded.
The scorpion stings you but does no damage.
The scorpion stings you.
You are poisoned.
The scorpion poisons you!
You shoot an arrow. The arrow hits the scorpion!
The scorpion is almost dead.
You feel very sick. The scorpion stings you.
You are lethally poisoned!
The scorpion poisons you!
You shoot an arrow.
The arrow hits the scorpion but does no damage.
The scorpion is almost dead.
You feel very sick.
The scorpion stings you but does no damage.
You shoot an arrow.
The arrow hits the scorpion but does no damage.
The scorpion is almost dead.
You feel very sick.
The scorpion stings you but does no damage.
3000 ||| READING scroll of teleportation.
As you read the scroll of teleportation, it crumbles to dust.
You feel strangely unstable.
You feel very sick. The scorpion stings you.
You are more poisoned.
The scorpion poisons you!
The scorpion stings you but does no damage.
You shoot an arrow. The arrow hits the scorpion.
You kill the scorpion!
Okawaru accepts your kill.
You die...

#........... ....
#........... ...
#).......... . ..#
##<......... .. ..
##....(#... ...##.#
#######... ..).... #
#########..
#...###.#...........#
#%@.#..............
###...#............
#..
#................#
#...
##.###.[..........#
#.... #..#
..###......... .....
##.##.# .........
.....##..#..#
>........
...........#
######.#.
........#######
#######.#.


There were no monsters in sight!

Vanquished Creatures
  A scorpion (D:4)
  A hound (D:4)
  Robin (D:2)
  5 adders
  2 river rats (D:3)
  3 dart slugs
  8 orcs
  5 endoplasms
  A giant cockroach (D:2)
  12 goblins
  11 hobgoblins
  7 jackals
  5 kobolds
  3 quokkas
  6 ball pythons
  3 bats
  8 rats
82 creatures vanquished.

Notes
Turn   | Place    | Note
-------+----------+-------------------------------------------
     0 | D:1      | qw the Deep Elf Hunter began the quest for the Orb.
     0 | D:1      | Reached XP level 1. HP: 12/12 MP: 3/3
     0 | D:1      | 0 ||| qw: Version: 0.3-a-9-g12657ce
     0 | D:1      | 0 ||| qw: Game counter: 2947
     0 | D:1      | 0 ||| qw: Always use a shield: true
     0 | D:1      | 0 ||| qw: God list: Okawaru
     0 | D:1      | 0 ||| qw: Allow faded altars: false
     0 | D:1      | 0 ||| qw: Do Orc after D:15 true
     0 | D:1      | 0 ||| qw: Do second Lair branch before Depths: true
     0 | D:1      | 0 ||| qw: Lair rune preference: random
     0 | D:1      | 0 ||| qw: Plans: Normal
     0 | D:1      | 0 ||| PLANNING D:1-11
    68 | D:1      | 68 ||| DROPPING +3 sling.
   123 | D:1      | Reached XP level 2. HP: 16/16 MP: 4/4
   128 | D:1      | Reached skill level 6 in Ranged Weapons
   754 | D:1      | 754 ||| UPGRADING to +0 ring mail.
   764 | D:1      | 764 ||| DROPPING +0 leather armour.
   765 | D:1      | 765 ||| UPGRADING to ring of protection from cold.
   766 | D:1      | 766 ||| READING scroll labelled QIKKAUNILO.
   767 | D:1      | 767 ||| READING scroll labelled NEIHEPS OGYRCH.
   795 | D:1      | 795 ||| READING 3 scrolls labelled VAOLLU INUMU.
   796 | D:1      | 796 ||| READING 2 scrolls labelled ERIREGRURI.
   797 | D:1      | 797 ||| READING scroll of enchant weapon.
   797 | D:1      | 797 ||| ENCHANTING +1 shortbow.
   798 | D:1      | 798 ||| READING 2 scrolls of identify.
   798 | D:1      | 798 ||| IDENTIFYING dark potion
   799 | D:1      | 799 ||| DROPPING scroll of butterflies.
   800 | D:1      | 800 ||| DROPPING potion of magic.
   851 | D:2      | Reached XP level 3. HP: 20/20 MP: 5/5
   939 | D:2      | Noticed Robin
   945 | D:2      | Killed Robin
   946 | D:2      | Reached skill level 7 in Ranged Weapons
  1006 | D:2      | Found a basalt altar of Yredelemnul.
  1067 | D:2      | Reached XP level 4. HP: 25/25 MP: 6/6
  1665 | D:2      | 1665 ||| UPGRADING to +0 helmet.
  1670 | D:2      | 1670 ||| DRINKING 2 brown potions.
  1671 | D:2      | 1671 ||| DRINKING 2 coppery potions.
  1703 | D:3      | 1703 ||| PLANNING SEWER
  1780 | D:3      | Reached skill level 8 in Ranged Weapons
  1850 | D:3      | 1850 ||| Stepping ~*~*~tactically~*~*~ (water).
  2357 | D:3      | Reached XP level 5. HP: 29/29 MP: 7/7
  2373 | D:3      | 2373 ||| RIP SEWER
  2377 | D:3      | 2377 ||| PLANNING D:1-11
  2474 | D:3      | 2474 ||| UPGRADING to ring of willpower.
  2475 | D:3      | 2475 ||| READING scroll labelled FICLOA RYNNYXT.
  2476 | D:3      | 2476 ||| READING scroll labelled HEHAMM TIFUI.
  2480 | D:3      | 2480 ||| READING scroll labelled LIRIR QEZYLU.
  2481 | D:3      | 2481 ||| READING scroll labelled FIM USAPEU.
  2482 | D:3      | 2482 ||| READING scroll labelled IGUTRO WOQE.
  2483 | D:3      | 2483 ||| DRINKING 2 bubbling emerald potions.
  2484 | D:3      | 2484 ||| DROPPING potion of brilliance.
  2539 | D:4      | HP: 7/29 [poisoned by an adder]
  2540 | D:4      | 2540 ||| DRINKING potion of heal wounds.
  2573 | D:4      | Found a staircase to the Ecumenical Temple.
  2574 | D:4      | 2574 ||| PLANNING TEMPLE
  2574 | D:4      | 2574 ||| DRINKING 3 orange potions.
  2579 | D:4      | 2579 ||| DROPPING 2 potions of ambrosia.
  2588 | Temple   | Entered the Ecumenical Temple
  2650 | Temple   | 2650 ||| PLANNING OKAWARU WORSHIP
  2776 | Temple   | Became a worshipper of Warmaster Okawaru
  2777 | Temple   | 2777 ||| PLANNING D:1-11
  2910 | D:4      | Reached skill level 9 in Ranged Weapons
  2999 | D:4      | HP: 7/30 [poisoned by a scorpion]
  3000 | D:4      | 3000 ||| READING scroll of teleportation.
  3000 | D:4      | HP: 1/30 [scorpion (4)]
  3001 | D:4      | Succumbed to a scorpion's poison

Levels and vault maps discovered:
D:1:      noname_arrival_rooms_in_the_neighbourhood, layout_basic,
          grunt_decor_arrowhead, grunt_decor_junction,
          chequers_serial_rivers_micro_c
D:2:      layout_loops_corners, basic_altar, uniq_robin
D:3:      layout_loops_ring, gup_sewer_entry_spiral, kennysheep_generic_room_8
D:4:      layout_rooms, minmay_temple_entry_offerings, minmay_misc_feat_alley
Temple:   nicolae_temple_bog_church

Skill      XL: |  1  2  3  4  5 |
---------------+----------------+-----
Ranged Weapons | 6 7 8 9 |  9.0
Fighting       | |  1.6
Dodging        | |  2.4
Stealth        | |  1.2

Action                     |  1- 3 |  4- 6 || total
---------------------------+-------+-------++-------
   Fire: Shortbow          |    78 |   150 ||   228
    Use: Scroll            |     6 |     6 ||    12
         Potion            |       |     5 ||     5
 Armour: Leather armour    |     2 |       ||     2
         Ring mail         |       |    30 ||    30
  Dodge: Dodged            |     3 |    36 ||    39

Table legend:
 A = Non-vault XP
 B = Vault XP
 C = Vault XP percentage of total XP
 D = Non-vault monster count
 E = Vault monster count
 F = Vault count percentage of total count
                 A         B        C        D         E       F
            +---------+---------+-------+---------+---------+-------
      Total |     299 |      75 |  20.1 |      67 |      15 |  18.3
            +---------+---------+-------+---------+---------+-------
        D:1 |      24 |       0 |   0.0 |      13 |       0 |   0.0
        D:2 |      89 |      31 |  25.8 |      28 |       9 |  24.3
        D:3 |      29 |      44 |  60.3 |      15 |       6 |  28.6
        D:4 |     157 |       0 |   0.0 |      11 |       0 |   0.0
            +---------+---------+-------+---------+---------+-------
